AoeStats
← EL_DoN_TaPaS

Arabia

510134580Analyzed
1v1 RM · 2d ago on Sep 29, 2026· 43m 36s· 2 players
Game mode
Random Map
Map size
Tiny (2 player)
Population
200
Speed
Normal
Resources
Standard
Victory
Conquest
Starting age
Dark Age
Ending age
Imperial Age
RankedLock teamsTeams togetherTeam positionsShared explorationLock speedFull tech treeHidden civsTurbo modeCheats
Victory
Defeat
🇪🇸 Goths · Spain
1144
+16
🇪🇸 Franks · Spain
1139
-16
EL_DoN_TaPaS
3:14 Loom
10:07 Feudal Age
18:25 Gold Mining
20:03 Town Watch
22:36 Castle Age
21:07 Scale Barding Armor
21:13 Forging
21:47 Scale Mail Armor
22:36 Wheelbarrow
22:32 Double-Bit Axe
23:52 Bow Saw
23:44 Town Watch
25:39 Hand Cart
31:11 Gold Shaft Mining
34:54 Imperial Age
32:36 Murder Holes
33:33 Fletching
33:44 Padded Archer Armor
35:01 Bodkin Arrow
35:22 Leather Archer Armor
37:00 Chemistry
36:21 Ballistics
37:14 Conscription
40:33 Chain Barding Armor
41:26 Iron Casting
Ubi
0:25 Loom
9:35 Feudal Age
10:33 Double-Bit Axe
18:04 Castle Age
18:35 Wheelbarrow
19:12 Bow Saw
19:15 Stone Mining
19:14 Horse Collar
20:07 Gold Mining
26:31 Pikeman
27:11 Squires
31:46 Imperial Age
29:32 Hand Cart
29:33 Forging
29:23 Scale Mail Armor
30:48 Iron Casting
30:36 Heavy Plow
31:50 Halberdier
32:55 Conscription
33:38 Two-Man Saw
33:10 Crop Rotation
32:57 Chain Mail Armor
33:58 Treadmill Crane
34:39 Ballistics
35:19 Chemistry
34:15 Murder Holes
35:00 Town Watch
36:35 Blast Furnace
36:25 Perfusion
36:26 Anarchy
36:50 Elite Huskarl
Connection lost

Rejoining the realm…

Still unreachable

The connection could not be restored.

Session expired

The server has moved on; the page needs a fresh start.